 Dungeon Crawl Stone Soup version 0.28.0-43-g3370ac3207 (webtiles) character file.

Game seed: 12711869756110367483

1760 Dirian the Carver (level 8, -5/73 HPs)
             Began as a Minotaur Fighter on Mar 7, 2022.
             Was a Believer of Makhleb.
             Slain by a gnoll sergeant
             ... wielding a +0 glaive
              (9 damage)
             ... in a bailey.
             The game lasted 00:10:30 (6270 turns).

Dirian the Carver (Minotaur Fighter)                Turns: 6270, Time: 00:10:31

Health: -5/73      AC: 12    Str: 21    XL:     8   Next: 79%
Magic:  7/7        EV:  7    Int:  5    God:    Makhleb [**....]
Gold:   394        SH:  5    Dex: 12    Spells: 7/7 levels left

rFire   + . .      SeeInvis .   a - +4 scimitar (protect)
rCold   . . .      Faith    .   c - +0 buckler
rNeg    . . .      Spirit   .   o - +0 chain mail
rPois   .          Reflect  .   (helmet restricted)
rElec   .          Harm     .   k - +1 cloak
rCorr   .          Rampage  .   (no gloves)
Will    .....                   (no boots)
Stlth   ..........              (no amulet)
HPRegen 0.22/turn               e - ring of protection from fire
MPRegen 0.10/turn               (no ring)

@: mighty, studying Bows
A: horns 2, retaliatory headbutt
a: Renounce Religion, Minor Destruction


You were in a bailey.
You worshipped Makhleb.
Makhleb was pleased with you.
You visited 1 branch of the dungeon, and saw 7 of its levels.
You also visited: Bailey.

You collected 394 gold pieces.

Inventory:

Hand Weapons
 a - a +4 scimitar of protection (weapon)
 b - a +0 hunting sling
 m - a +2 scimitar of protection
Missiles
 l - 154 stones (quivered)
Armour
 c - a +0 buckler (worn)
 k - a +1 cloak (worn)
 o - a +0 chain mail (worn)
Jewellery
 e - a ring of protection from fire (left hand)
Wands
 r - a wand of iceblast (7)
Scrolls
 j - 2 scrolls of fog
 s - a scroll of fear
 t - a scroll of teleportation
Potions
 f - 3 potions of attraction {unknown}
 h - 2 potions of haste
 i - a potion of lignification
 n - 2 potions of degeneration {unknown}
 p - 2 potions of brilliance {unknown}
 q - 3 potions of curing
 u - 2 potions of cancellation {unknown}
 w - a potion of heal wounds


   Skills:
 + Level 7.5 Fighting
 * Level 9.7 Long Blades
 * Level 4.1 Slings
 + Level 5.4 Armour
 - Level 1.0 Dodging
 - Level 5.0 Shields


You had 7 spell levels left.
You didn't know any spells.
Your spell library was empty.

Dungeon Overview and Level Annotations

Branches:
Dungeon (7/15)             Bailey (1/1)
 Temple: D:4-7

Altars:
Elyvilon
Hepliaklqana
Kikubaaqudgha
Makhleb
Wu Jian
Xom
Zin


Innate Abilities, Weirdness & Mutations

You have a pair of horns on your head.
You reflexively headbutt those who attack you in melee.


Message History

The gnoll shaman calls upon its god to speed up the gnoll sergeant.
The gnoll sergeant seems to speed up.
The gnoll hits you but does no damage.
A gnoll comes into view. It is wielding a +0 halberd.
The gnoll throws a throwing net.
The throwing net closely misses you.
The gnoll sergeant hits you from afar with a +0 glaive.
Your Slings skill increases to level 4!
You closely miss the gnoll shaman. Your headbutt misses the gnoll shaman.
The gnoll sergeant hits you but does no damage.
The gnoll closely misses you. The gnoll barely misses you.
The gnoll shaman calls upon its god to speed up the gnoll.
The gnoll seems to speed up.
You slice the gnoll shaman!! You headbutt the gnoll shaman.
You kill the gnoll shaman!
Makhleb accepts your kill.
The gnoll sergeant hits you but does no damage.
The gnoll hits you but does no damage. x2
The gnoll hits you from afar with a +0 halberd.
The gnoll sergeant hits you from afar with a +0 glaive!
* * * LOW HITPOINT WARNING * * *
There is an open door, spattered with blood here.
The gnoll sergeant hits you but does no damage.
The gnoll sergeant hits you but does no damage.
You block the gnoll sergeant's attack. The gnoll sergeant barely misses you.
The gnoll sergeant hits you from afar with a +0 glaive.
* * * LOW HITPOINT WARNING * * *
There is an open door, spattered with blood here.
Things that are here:
a +0 spear; a +0 scale mail The gnoll sergeant barely misses you.
Items here: )) [[ ÷.
The gnoll sergeant completely misses you.
There is an open gate here.
The gnoll sergeant hits you from afar with a +0 glaive.
* * * LOW HITPOINT WARNING * * *
The gnoll sergeant hits you but does no damage.
The gnoll sergeant hits you from afar with a +0 glaive.
* * * LOW HITPOINT WARNING * * *
The gnoll sergeant hits you from afar with a +0 glaive!
You die...

♣♣♣♣♣♣♣♣ ♣♣♣♣♣♣♣♣♣♣♣♣
≈≈≈≈≈≈≈≈ ≈≈≈≈≈≈≈≈≈≈≈♣♣
...####### #@..≈≈♣♣ ..##.8..g
###g.≈.♣ .##..... #..≈.♣♣
.#...g. #..≈..♣♣ .#.... #####
#g.≈...♣ .#... ##...##
#.g≈...♣
.##'###.....######g.≈...♣♣
.(...#.......#...'.......♣♣♣#
...).'...8..g)g.)'......))†∩#


You could see a gnoll sergeant (fast).

Vanquished Creatures
  A sky beast (D:6)
  A black bear (D:6)
  A hornet zombie (D:6)
  A wolf (Bailey)
  A phantom (D:5)
  2 gnoll sergeants (Bailey)
  2 scorpions
  5 wights (D:6)
  4 gnoll shamans (Bailey)
  6 hounds
  4 orc priests (D:4)
  3 jellies (D:3)
  A scorpion zombie (D:4)
  Natasha (thrice) (D:3)
  2 iguanas (D:6)
  A killer bee zombie (D:7)
  A hound skeleton (D:4)
  7 gnolls (Bailey)
  A howler monkey skeleton (D:6)
  5 adders
  An ufetubus (D:5)
  An adder skeleton (D:4)
  A worm (D:4)
  A dart slug (D:2)
  10 orcs (D:4)
  9 bats
  11 endoplasms
  3 giant cockroaches
  5 goblins
  4 hobgoblins
  2 quokkas (D:4)
  4 ball pythons
  A frilled lizard (D:1)
  10 kobolds
  3 rats
118 creatures vanquished.

Vanquished Creatures (others)
  11 toadstools (D:3)
11 creatures vanquished.

Grand Total: 129 creatures vanquished

Notes
Turn   | Place    | Note
-------+----------+-------------------------------------------
     0 | D:1      | Dirian the Minotaur Fighter began the quest for the Orb.
     0 | D:1      | Reached XP level 1. HP: 19/19 MP: 0/0
   229 | D:1      | Reached XP level 2. HP: 27/27 MP: 1/1
   785 | D:2      | Reached skill level 3 in Long Blades
   877 | D:2      | Reached XP level 3. HP: 20/33 MP: 2/2
  1026 | D:2      | Found a burning altar of Makhleb.
  1065 | D:2      | Became a worshipper of Makhleb the Destroyer
  1375 | D:2      | Reached skill level 1 in Dodging
  1456 | D:2      | Found a faded altar of an unknown god.
  2051 | D:3      | Noticed Natasha
  2055 | D:3      | Killed Natasha
  2056 | D:3      | Reached XP level 4. HP: 35/40 MP: 3/3
  2119 | D:3      | Found a white marble altar of Elyvilon.
  2153 | D:3      | Noticed Natasha
  2159 | D:3      | Killed Natasha
  2160 | D:3      | Reached skill level 4 in Long Blades
  2242 | D:3      | Reached XP level 5. HP: 40/47 MP: 4/4
  2514 | D:3      | Reached * piety under Makhleb
  2694 | D:3      | Noticed Natasha
  2711 | D:3      | Killed Natasha
  3151 | D:4      | Reached skill level 5 in Long Blades
  3151 | D:4      | Reached XP level 6. HP: 51/53 MP: 5/5
  3189 | D:4      | Reached skill level 5 in Armour
  3200 | D:4      | Reached skill level 5 in Fighting
  3228 | D:4      | Reached skill level 5 in Shields
  3240 | D:4      | Reached skill level 6 in Long Blades
  3427 | D:4      | Found a glowing silver altar of Zin.
  3491 | D:4      | Found a shimmering altar of Xom.
  4019 | D:5      | Entered Level 5 of the Dungeon
  4154 | D:5      | Found an ancient bone altar of Kikubaaqudgha.
  4205 | D:5      | Reached XP level 7. HP: 47/61 MP: 6/6
  4346 | D:5      | Found an ornate altar of the Wu Jian Council.
  4500 | D:5      | Found a hazy altar of Hepliaklqana.
  4716 | D:6      | Reached skill level 7 in Long Blades
  4899 | D:6      | Reached skill level 8 in Long Blades
  5128 | D:6      | Reached XP level 8. HP: 71/71 MP: 7/7
  5203 | D:6      | Reached skill level 1 in Slings
  5469 | D:6      | Reached skill level 9 in Long Blades
  5674 | D:7      | Reached ** piety under Makhleb
  5704 | D:7      | Found a flagged portal.
  5727 | Bailey   | Entered a bailey
  6270 | Bailey   | Slain by a gnoll sergeant

Illustrated notes

Levels and vault maps discovered:
D:1:      ncdulo_smallfort, layout_basic, serial_bayou, serial_bayou_pond_b,
          serial_bayou_shore_b, serial_bayou_crossing, serial_bayou_shore_a
D:2:      layout_loops_cross, basic_altar, shapermc_ecumenical_altar_mp_vishouse
D:3:      cheibrodos_fertilizer, layout_basic, amcnicky_altar_gilded,
          serial_co_window_serial, co_window_paths_a, co_window_paths_b,
          co_window_paths_a, co_window_of_opportunity_a, co_window_corner_a,
          co_window_broadway_c, co_window_broadway_a, co_window_paths_c,
          co_window_corner_ca, co_window_corner_b, co_window_corner_b,
          glass_columns_a, glass_columns_a, uniq_natasha
D:4:      layout_basic, xom_teletrap_fun, zin_scriptorium
D:5:      layout_gridville, nicolae_kikubaaqudgha_miasma_corner,
          overflow_temple_1_default, nicolae_wu_jian_immortal_techniques
D:6:      layout_loops_corners
D:7:      layout_gridville, nzn_overflow_gifts_of_might_and_magic,
          mainiacjoe_overflow_tiny_flanked, old_standard_altar,
          minmay_temple_entry_antechambers, enter_bailey_3
Bailey:   bailey_polearm_gnolls_kennysheep, bailey

Skill      XL: |  1  2  3  4  5  6  7  8 |
---------------+-------------------------+-----
Long Blades    | 3 4 5 6 8 9 |  9.7
Fighting       | 4 5 6 7 |  7.5
Armour         | 4 5 |  5.4
Dodging        | 1 |  1.0
Shields        | 4 5 |  5.0
Slings         | 4 |  4.1

Action                   |  1- 3 |  4- 6 |  7- 9 || total
-------------------------+-------+-------+-------++-------
Melee: Long sword        |    70 |   138 |    31 ||   239
       Headbutt          |     6 |    14 |    21 ||    41
       Scimitar          |       |       |    93 ||    93
  Use: Scroll            |     4 |     7 |     6 ||    17
       Potion            |       |       |     2 ||     2
Armor: Scale mail        |    43 |    65 |       ||   108
       Chain mail        |       |     3 |    99 ||   102
Dodge: Dodged            |    42 |    57 |    52 ||   151
Block: Buckler           |    13 |    21 |    31 ||    65
